Map: Catalyst LE

Players

Nerchio

  • Race: Zerg Zerg
  • Spawn Location: 5:00

Maru - Winner!

  • Race: Terran Terran
  • Spawn Location: 11:00

Event: WESG 2017 Haikou

VOD

Have the link to the VOD?

Description

Time

  • Played on: March 16, 2018, 2:10 a.m.
  • Length: 11:59

All games in this series

Show
View Real Time Build Order
Export as new Build Order

Nerchio Zerg 

Build Orders: Hatch First 

Get SALT Encoding   

  12  0:01  Drone  
  13  0:12  Overlord  
  13  0:17  Drone  
  14  0:30  Drone  
  14  0:31  Drone  
  14  0:34  Drone  
  17  0:51  Hatchery  
  17  0:55  Drone  
  17  0:57  Drone  
  18  1:08  Extractor  
  17  1:13  Spawning Pool  
  17  1:15  Drone  
  17  1:19  Drone  
  18  1:28  Drone  
  19  1:38  Overlord  
  19  1:50  Drone  
  20  1:59  Queen  
  20  2:00  Zergling x2  
  23  2:02  Queen  
  23  2:03  Zergling x2  
  23  2:07  Metabolic Boost  
  26  2:10  Drone  
  26  2:14  Drone  
  28  2:21  Drone  
  29  2:24  Drone  
  30  2:33  Drone  
  30  2:35  Drone  
  32  2:42  Queen  
  34  2:52  Hatchery, Overlord  
  34  2:55  Drone  
  34  2:57  Drone  
  35  2:59  Drone  
  36  3:12  Drone  
  37  3:13  Drone x5  
  37  3:18  Baneling Nest  
  41  3:22  Drone  
  41  3:23  Drone x2  
  43  3:27  Overlord  
  43  3:34  Overlord  
  42  3:45  Queen x2  
  42  3:47  Drone x2  
  48  3:49  Drone  
  48  3:53  Drone  
  48  3:54  Drone  
  48  3:55  Evolution Chamber  
  50  3:56  Drone  
  50  3:57  Drone  
  50  3:59  Drone  
  53  4:04  Drone x2  
  53  4:08  Queen  
  57  4:10  Drone  
  58  4:17  Zergling x4  
  58  4:18  Zergling x2  
  61  4:25  Overlord  
  61  4:26  Overlord  
  61  4:28  Zergling x2  
  61  4:29  Queen  
  64  4:34  Zergling x4  
  64  4:36  Baneling  
  64  4:37  Baneling x3  
  66  4:39  Overlord x2  
  66  4:48  Zergling x8  
  66  4:49  Zergling x6  
  66  4:52  Zergling x2  
  74  4:53  Overlord  
  74  4:55  Zerg Ground Armor Level 1  
  74  4:58  Drone x2  
  74  4:59  Drone  
  77  5:00  Drone  
  77  5:02  Zergling x2  
  77  5:03  Zergling x2  
  77  5:05  Zergling x4  
  82  5:11  Drone  
  82  5:12  Extractor  
  82  5:13  Drone  
  83  5:14  Drone, Evolution Chamber  
  83  5:17  Drone x3  
  83  5:21  Drone  
  83  5:22  Drone  
  81  5:29  Drone  
  81  5:31  Drone  
  81  5:32  Drone  
  79  5:37  Zergling x2  
  79  5:38  Queen  
  79  5:39  Zergling x4  
  79  5:40  Overlord, Zergling x2  
  79  5:41  Zergling x4  
  87  5:45  Zergling x4  
  87  5:46  Zerg Melee Weapons Level 1  
  87  5:48  Zergling x2  
  90  5:54  Baneling  
  90  5:55  Zergling x2  
  90  5:56  Zergling x2  
  92  5:59  Zergling x2  
  93  6:04  Overlord  
  93  6:08  Zergling x4  
  93  6:09  Hatchery  
  93  6:10  Zergling x4  
  95  6:12  Zergling x4  
  95  6:18  Hatchery  
  96  6:20  Drone x2  
  96  6:21  Drone x5  
  96  6:24  Zergling x2  
  104  6:25  Lair  
  104  6:27  Baneling  
  104  6:28  Baneling x2  
  104  6:30  Baneling  
  104  6:32  Zergling x4  
  106  6:34  Zergling x2  
  106  6:35  Baneling  
  107  6:40  Zergling x2  
  107  6:41  Zergling x8  
  107  6:42  Zergling x2  
  107  6:44  Overlord  
  107  6:45  Zergling x6  
  116  6:51  Zergling x2  
  116  6:52  Zergling x2  
  118  6:55  Extractor  
  118  6:57  Extractor  
  118  7:00  Drone x3  
  115  7:04  Hatchery  
  115  7:06  Drone  
  115  7:08  Drone  
  116  7:09  Drone x2  
  116  7:10  Drone, Extractor  
  116  7:11  Drone  
  119  7:19  Zergling x4  
  120  7:26  Drone x4  
  120  7:27  Drone  
  125  7:32  Hydralisk Den, Centrifical Hooks  
  125  7:34  Zergling x8  
  128  7:37  Extractor  
  128  7:39  Zergling x6  
  128  7:41  Zergling x4  
  128  7:44  Overseer x2, Zergling x2  
  132  7:45  Zergling x2  
  132  7:47  Baneling x9  
  134  7:53  Zergling x4  
  134  7:54  Overlord x5  
  136  8:01  Baneling x8  
  133  8:06  Hatchery  
  133  8:10  Drone x3  
  133  8:11  Drone x4  
  127  8:13  Drone x2  
  127  8:17  Drone x2  
  127  8:18  Drone x3  
  127  8:19  Zerg Melee Weapons Level 2  
  131  8:29  Drone x3  
  131  8:31  Zergling x8  
  126  8:38  Zergling x4  
  126  8:40  Zergling x2  
  115  8:43  Zergling x2  
  115  8:44  Zergling x2  
  115  8:46  Zergling x4  
  115  8:47  Hydralisk x2  
  116  8:48  Hydralisk x3  
  116  8:49  Hydralisk  
  116  8:51  Hydralisk  
  116  8:55  Hydralisk x2  
  128  8:58  Hydralisk  
  128  9:00  Zergling x4  
  128  9:01  Baneling x2  
  128  9:02  Baneling  
  130  9:03  Zergling x2  
  130  9:07  Zergling x6  
  130  9:09  Zergling x4  
  136  9:10  Baneling x2  
  136  9:13  Zergling x4  
  136  9:14  Zergling x2  
  136  9:16  Baneling x3  
  136  9:17  Baneling  
  139  9:18  Zergling x2  
  139  9:19  Zergling x2  
  141  9:25  Baneling x8  
  141  9:26  Zergling x2  
  141  9:27  Zergling x4  
  141  9:29  Zergling x4  
  146  9:33  Zergling x6  
  146  9:35  Zergling x6  
  149  9:40  Zerg Ground Armor Level 2  
  149  9:43  Zergling x2  
  149  9:44  Zergling x8  
  150  9:46  Zergling x6  
  150  9:51  Zergling x10  
  150  9:52  Overseer  
  157  9:53  Overseer  
  157  9:54  Zergling x2  
  157  9:56  Zergling x4  
  157  9:57  Zergling x2  
  159  10:00  Overlord  
  159  10:02  Baneling x7  
  159  10:08  Zergling x2  
  159  10:09  Zergling x10  
  159  10:13  Zergling x6  
  152  10:14  Zergling x2  
  152  10:18  Zergling x14  
  158  10:26  Infestation Pit  
  157  10:30  Zergling x14  
  158  10:36  Zergling x2  
  158  10:37  Zergling x4  
  158  10:40  Zergling x2  
  158  10:41  Zergling x6  
  136  10:43  Zergling x2  
  136  10:45  Zergling x8  
  136  10:49  Zergling x4  
  130  10:53  Baneling x8  
  130  10:54  Drone x3  
  130  10:56  Drone x2  
  125  10:57  Queen  
  125  11:00  Baneling  
  125  11:01  Baneling x9  
  127  11:08  Drone x2  
  127  11:09  Drone x2  
  127  11:10  Drone  
  120  11:13  Drone  
  120  11:16  Drone x2  
  120  11:17  Drone  
  120  11:18  Drone  
  119  11:22  Zergling x2  
  109  11:27  Zergling x2  
  109  11:28  Zergling x4  
  109  11:29  Zergling x2  
  111  11:33  Zergling x2  
  111  11:37  Hatchery  
  111  11:38  Zergling x4  
Show
View Real Time Build Order
Export as new Build Order

Maru Terran - Winner!

Build Orders: Reaper Expand, MMM Bio 

Get SALT Encoding   

  12  0:00  SCV  
  13  0:13  SCV  
  14  0:17  Supply Depot  
  14  0:25  SCV  
  15  0:38  SCV  
  15  0:40  Barracks  
  16  0:44  Refinery  
  16  0:50  SCV  
  17  1:02  SCV  
  18  1:15  SCV  
  19  1:27  Orbital Command, Reaper  
  20  1:40  Command Center  
  20  1:50  Barracks  
  20  1:54  SCV  
  21  2:00  Barracks Reactor  
  21  2:04  Supply Depot  
  21  2:08  SCV  
  22  2:12  Refinery  
  22  2:20  SCV  
  23  2:29  Factory  
  23  2:32  SCV  
  23  2:37  Barracks Tech Lab, Marine x2  
  26  2:44  SCV  
  27  2:52  Orbital Command  
  27  2:54  Marine  
  27  2:57  Stimpack  
  27  2:58  Marine  
  29  3:02  Marine  
  30  3:06  SCV  
  30  3:12  Marine  
  31  3:15  Marine  
  31  3:19  Starport  
  33  3:20  SCV  
  33  3:23  Factory Reactor  
  33  3:25  Marine  
  35  3:28  SCV  
  35  3:32  Supply Depot  
  36  3:34  Marine  
  36  3:37  Marine  
  36  3:38  SCV  
  39  3:43  SCV  
  40  3:50  SCV  
  40  3:55  Supply Depot  
  41  3:56  SCV  
  41  3:57  Marine x3  
  41  4:02  SCV  
  46  4:05  Medivac x2  
  46  4:08  SCV  
  51  4:14  SCV  
  51  4:15  Marine x2  
  51  4:16  Marine  
  55  4:18  Engineering Bay  
  55  4:22  Engineering Bay  
  55  4:28  SCV x2  
  55  4:30  Supply Depot  
  57  4:34  Marine x3  
  60  4:40  SCV x2  
  62  4:47  Supply Depot  
  62  4:49  Terran Infantry Weapons Level 1  
  62  4:50  Terran Infantry Armor Level 1  
  62  4:52  SCV  
  63  4:55  Marine x3  
  63  4:58  Combat Shields, SCV  
  67  5:04  SCV  
  68  5:12  Marine x2  
  68  5:13  Marine  
  71  5:15  Command Center  
  71  5:19  SCV  
  71  5:20  Factory Reactor  
  72  5:23  Medivac  
  74  5:29  SCV  
  74  5:30  Marine x3  
  74  5:38  Supply Depot  
  74  5:39  Medivac  
  74  5:42  Supply Depot  
  76  5:47  SCV  
  76  5:48  SCV  
  76  5:49  Refinery  
  78  5:59  Marine x3  
  78  6:03  Barracks  
  78  6:04  Widow Mine, Barracks x2  
  83  6:08  Widow Mine  
  83  6:11  SCV x2  
  87  6:17  Marine x3, Medivac  
  92  6:27  Armory  
  92  6:28  Refinery  
  92  6:29  Orbital Command  
  92  6:35  Marine x3  
  92  6:36  Widow Mine x2  
  99  6:41  SCV  
  99  6:42  SCV  
  101  6:51  Barracks Reactor  
  101  6:52  Barracks Reactor  
  101  6:53  Marine x3  
  101  6:54  Barracks Reactor  
  99  7:03  Widow Mine x2  
  99  7:07  SCV x2  
  105  7:08  Orbital Command  
  105  7:09  Supply Depot x2  
  105  7:11  Marine x3  
  108  7:26  Terran Infantry Weapons Level 2  
  108  7:27  Marine  
  109  7:30  Marine x6, Supply Depot  
  109  7:31  SCV, Medivac  
  109  7:34  SCV  
  109  7:35  Supply Depot  
  119  7:46  Marine x2  
  119  7:48  SCV x2, Marine x3  
  124  7:51  Medivac  
  124  7:56  SCV  
  127  8:00  SCV x2  
  127  8:01  Marine, Supply Depot, Medivac  
  127  8:04  Widow Mine  
  134  8:06  Marine x2  
  134  8:08  SCV  
  134  8:10  Terran Infantry Armor Level 2  
  131  8:14  SCV x2  
  131  8:18  Supply Depot  
  133  8:20  SCV  
  133  8:21  Factory  
  133  8:26  SCV  
  135  8:33  Marine x3  
  113  8:35  SCV x2  
  113  8:36  Liberator  
  113  8:38  SCV, Marine x2  
  113  8:40  Marine  
  110  8:47  SCV x2, Marine x2  
  112  8:51  SCV  
  112  8:53  Widow Mine x2  
  120  8:59  SCV  
  120  9:00  Marine x2  
  122  9:03  Marine x4  
  122  9:06  Factory Tech Lab  
  126  9:11  Marine x2  
  126  9:12  Marine  
  129  9:18  Marine  
  129  9:19  Marine  
  129  9:20  Widow Mine x2  
  129  9:21  Marine, Liberator  
  136  9:25  SCV x2  
  136  9:26  Widow Mine  
  136  9:28  Marine x3  
  136  9:29  Marine  
  144  9:34  Marine x2  
  144  9:37  Marine x2  
  150  9:43  Widow Mine x2  
  150  9:49  Supply Depot, Liberator  
  150  9:51  Marine  
  150  9:53  Marine x3  
  152  10:04  Liberator  
  154  10:07  Marine x2  
  138  10:20  Widow Mine x3  
  143  10:22  Marine x3  
  143  10:23  Marauder, Marine  
  149  10:32  Liberator  
  144  10:36  Command Center  
  144  10:40  Marine x2  
  135  10:43  Widow Mine x2  
  135  10:44  Marauder, Widow Mine  
  146  10:56  Marine x4  
  144  11:04  Marine x2  
  144  11:05  Marauder  
  133  11:14  Widow Mine x2  
  128  11:22  Marine x2  
  128  11:24  Marine  
  127  11:27  Marauder, Marine x2  
  127  11:28  Marine x3  
  127  11:31  Unknown x10  
  140  11:39  Marine  
  140  11:40  Marine  
  140  11:45  Refinery  
  147  11:55  Barracks  
  147  11:56  Barracks  
  147  11:57  Barracks  
Tags
 
Add a new tag
Caveats
  • Supply blocks, unpowered buildings, or Contaminate may cause inaccurate times.
  • Supply counts are checked every 10 seconds.